 Dungeon Crawl Stone Soup version 0.29-a0-284-gf9362112df (webtiles) character file.

Game seed: 11016396846695772940

17294 siradein the Basher (level 12, 0/65 HPs)
             Began as a Vine Stalker Berserker on Mar 31, 2022.
             Was a High Priest of Trog.
             Slain by Erica
             ... wielding a +4 scimitar of flaming
              (2 damage)
             ... on level 11 of the Dungeon.
             The game lasted 00:38:11 (10944 turns).

siradein the Basher (Vine Stalker Berserker)       Turns: 10944, Time: 00:38:12

Health: 0/65       AC: 16    Str: 25    XL:     12   Next: 46%
Magic:  0/13       EV: 11    Int:  7    God:    Trog [*****.]
Gold:   634        SH:  0    Dex: 20    Spells: 11/11 levels left

rFire   . . .      SeeInvis .   A - +2 great mace
rCold   . . .      Faith    .   (shield currently unavailable)
rNeg    . . .      Spirit   +   M - +3 plate armour {Will+}
rPois   .          Reflect  .   I - +0 hat {Will+}
rElec   .          Harm     .   u - +0 cloak
rCorr   .          Rampage  .   (no gloves)
Will    +++++                   y - +1 pair of boots
Stlth   ..........              (no amulet)
HPRegen 2.00/turn               d - +6 ring of dexterity
MPRegen 0.13/turn               E - +4 ring of protection

@: lethally poisoned (0 -> 0), strong-willed, corroded, on berserk cooldown,
regenerating, slowed, very slow
A: fangs 3, regeneration 1, magic shield, antimagic bite, no potion heal 2
a: Renounce Religion, Berserk, Trog's Hand, Brothers in Arms


You were on level 11 of the Dungeon.
You worshipped Trog.
Trog was extremely pleased with you.
You visited 1 branch of the dungeon, and saw 11 of its levels.
You also visited: Bailey.

You collected 634 gold pieces.

Inventory:

Hand Weapons
 a - a +0 arbalest
 A - a +2 great mace (weapon)
 F - a +2 spear of venom
 O - the +5 morningstar of Circularity {flame, Str+7 Dex+2}
   (Trog gifted it to you on level 11 of the Dungeon)

   It burns those it strikes, dealing additional fire damage.
   Str:       It affects your strength (+7).
   Dex:       It affects your dexterity (+2).
Missiles
 f - 7 boomerangs
 k - 3 throwing nets
 p - 3 curare-tipped darts
 z - 30 poisoned darts (quivered)
Armour
 u - a +0 cloak (worn)
 y - a +1 pair of boots (worn)
 I - a +0 hat of willpower (worn)
 M - a +3 plate armour of willpower (worn)
Jewellery
 d - a +6 ring of dexterity (left hand)
 v - a ring of protection from fire
 E - a +4 ring of protection (right hand)
 N - a ring of ice
Wands
 e - a wand of acid (12)
 g - a wand of flame (62)
 t - a wand of digging (7)
 K - a wand of charming (4)
Scrolls
 b - 2 scrolls of fog
 j - 4 scrolls of magic mapping
 s - a scroll of teleportation
 w - 2 scrolls of vulnerability {unknown}
 C - 3 scrolls of blinking
 D - a scroll of immolation {unknown}
 G - 3 scrolls of enchant armour
 H - a scroll of holy word {unknown}
Potions
 c - 3 potions of haste
 h - a potion of resistance
 i - a potion of cancellation
 l - 3 potions of flight
 m - 4 potions of curing {unknown}
 n - a potion of degeneration {unknown}
 o - 3 potions of lignification {unknown}
 q - 2 potions of invisibility {unknown}
 r - 2 potions of might
 x - 2 potions of mutation {unknown}
 B - 2 potions of attraction {unknown}
 J - a potion of ambrosia {unknown}
 L - a potion of berserk rage {unknown}


   Skills:
 + Level 8.5 Fighting
 * Level 10.1 Maces & Flails
 + Level 5.1 Throwing
 + Level 7.4 Armour
 + Level 7.5 Dodging
 - Level 0.2 Stealth
 + Level 5.5 Evocations


You had 11 spell levels left.
You didn't know any spells.
Your spell library was empty.

Dungeon Overview and Level Annotations

Branches:
Dungeon (11/15)            Temple (0/1) D:5            Lair (0/6) D:10
 Bailey (visited)
    Orc: D:9-12

Altars:
Cheibriados

Annotations:
D:11 Erica


Innate Abilities, Weirdness & Mutations

You have razor-sharp teeth.
Your natural rate of healing is unusually fast.
When hurt, damage is shared between your health and your magic reserves.
Your bite disrupts and absorbs the magic of your enemies.
Potions cannot restore your health.


Message History

Trog accepts your kill.
The acid dragon bites you but does no damage.
The acid dragon claws you but does no damage.
Something hits you but does no damage.
Unknown command.
Unknown command.
You closely miss something.
The acid dragon bites you but does no damage.
The acid dragon claws you. Something hits you but does no damage.
You sock the acid dragon!
The acid dragon is moderately wounded.
The acid dragon bites you but does no damage.
The acid dragon barely misses you. Something hits you!
* * * LOW HITPOINT WARNING * * *
Something burns you.
Unknown command.
You hit the acid dragon.
The acid dragon is heavily wounded.
The acid dragon bites you.
* * * LOW HITPOINT WARNING * * *
The acid dragon barely misses you. Something hits you but does no damage.
The acid dragon bites you but does no damage.
The acid dragon claws you but does no damage.
You hear some strange, mumbled words.
A bolt of poison appears from out of thin air!
The bolt of poison hits you!
You are poisoned.
* * * LOW HITPOINT WARNING * * *
Unknown command.
You closely miss the acid dragon. Your bite misses the acid dragon.
The acid dragon is heavily wounded.
You are no longer berserk.
You are exhausted.
You feel as though you will be slow longer.
You feel very sick. The acid dragon spits acid at you.
The splash of acid hits you!
* * * LOW HITPOINT WARNING * * *
The acid corrodes you! Something hits you.
You die...

### ## #..##.. .......
....... ..>.... .......
#################)......
................@D......
.................{......
#################.......
# #..##..
###################..# #
.................| ....
<................. .###
.................. .#
#.......).........


You could see an acid dragon.

Vanquished Creatures
  Gastronok (D:10)
  Fannar (D:11)
  A centaur warrior (D:11)
  2 two-headed ogres
  Nergalle (D:11)
  A cyclops (D:11)
  An elephant (D:10)
  Maurice (D:9)
  Maggie (D:10)
  3 gargoyles
  An unseen horror (D:11)
  A yaktaur (D:10)
  A troll (D:11)
  A hornet (D:8)
  Sigmund (D:2)
  A wraith (D:11)
  A shadow (D:10)
  2 vampires
  27 yaks
  A basilisk (D:10)
  2 steam dragons
  2 wyverns
  An acid dragon (D:10)
  3 water moccasins (D:7)
  A sky beast (D:6)
  2 black bears
  3 ogres
  3 centaurs
  2 phantoms
  3 kobold brigands
  Blork the orc (D:5)
  3 bullfrogs
  A gnoll sergeant (D:5)
  2 scorpions (D:5)
  11 wights
  7 killer bees (D:10)
  6 howler monkeys
  6 vampire bats (Bailey)
  6 wolf zombies (Bailey)
  5 electric eels
  3 jellies
  6 hounds
  A gnoll shaman (D:7)
  3 orc priests
  Crazy Yiuf (D:3)
  4 iguanas
  4 orc wizards
  Terence (D:3)
  13 gnolls
  6 adders
  A shadow imp (D:6)
  2 ufetubi
  2 worms
  36 orcs
  8 ball pythons
  3 endoplasms
  3 giant cockroaches
  6 goblins
  3 hobgoblins
  11 jackals
  9 quokkas
  8 bats
  A frilled lizard (D:1)
  19 kobolds
  18 orc zombies (Bailey)
  2 rats (D:1)
294 creatures vanquished.

Vanquished Creatures (others)
  2 kobolds (D:9)
  A fungus (D:10)
  22 plants
25 creatures vanquished.

Grand Total: 319 creatures vanquished

Notes
Turn   | Place    | Note
-------+----------+-------------------------------------------
     0 | D:1      | siradein the Vine Stalker Berserker began the quest for the
                  | Orb.
     0 | D:1      | Reached XP level 1. HP: 11/11 MP: 2/2
   387 | D:1      | Reached XP level 2. HP: 14/16 MP: 3/3
  1254 | D:1      | Reached skill level 3 in Maces & Flails
  1254 | D:1      | Reached XP level 3. HP: 20/20 MP: 4/4
  1352 | D:2      | Noticed Sigmund
  1380 | D:2      | Killed Sigmund
  1381 | D:2      | Gained mutation: Your natural rate of healing is unusually
                  | fast. [Vine Stalker growth]
  1381 | D:2      | Reached XP level 4. HP: 25/25 MP: 5/5
  1381 | D:2      | Reached XP level 5. HP: 28/28 MP: 6/6
  1687 | D:2      | Reached XP level 6. HP: 32/33 MP: 5/7
  1732 | D:2      | Found a faded altar of an unknown god.
  1788 | D:2      | Reached ** piety under Trog
  2432 | D:3      | Reached skill level 4 in Maces & Flails
  2545 | D:3      | Noticed Terence
  2569 | D:3      | Killed Terence
  2747 | D:3      | Found a runed translucent door.
  2748 | D:3      | Noticed Crazy Yiuf
  3416 | D:4      | Reached XP level 7. HP: 37/37 MP: 8/8
  3424 | D:4      | Reached *** piety under Trog
  3575 | D:4      | You fall into a shaft and drop 1 floor!
  3575 | D:5      | Entered Level 5 of the Dungeon
  3803 | D:5      | Found a staircase to the Ecumenical Temple.
  3893 | D:5      | Noticed a wyvern
  3898 | D:5      | Killed a wyvern
  4005 | D:5      | Noticed a two-headed ogre
  4012 | D:5      | Gained mutation: You have razor-sharp teeth. [Vine Stalker
                  | growth]
  4012 | D:5      | Reached XP level 8. HP: 38/42 MP: 4/9
  4016 | D:5      | Killed a two-headed ogre
  4017 | D:5      | Reached skill level 5 in Fighting
  4017 | D:5      | Reached skill level 5 in Maces & Flails
  4184 | D:5      | Reached XP level 9. HP: 45/48 MP: 8/10
  4428 | D:5      | Reached skill level 5 in Armour
  4428 | D:5      | Reached skill level 5 in Dodging
  4538 | D:5      | Reached skill level 6 in Maces & Flails
  4615 | D:5      | Noticed Blork the orc
  4621 | D:5      | Killed Blork the orc
  5301 | D:6      | Reached skill level 1 in Evocations
  5622 | D:6      | Reached **** piety under Trog
  5940 | D:7      | Reached skill level 7 in Maces & Flails
  5940 | D:7      | Reached XP level 10. HP: 44/53 MP: 11/11
  5979 | D:7      | Reached skill level 1 in Throwing
  7320 | D:9      | Noticed Maurice
  7333 | D:9      | Killed Maurice
  7575 | D:9      | Found a flagged portal.
  7584 | Bailey   | Entered a bailey
  7715 | Bailey   | Reached skill level 8 in Maces & Flails
  7737 | Bailey   | Noticed a gargoyle
  7740 | Bailey   | Killed a gargoyle
  7818 | Bailey   | Reached ***** piety under Trog
  7848 | Bailey   | Identified the +8 triple sword of Jotsafiuta {drain, rElec
                  | rC+ Str-3}
  8320 | D:3      | Killed Crazy Yiuf
  8324 | D:3      | Identified the +9 mace of the Noxious God {drain, Will+
                  | Str-5 Dex+4 Stlth+}
  8620 | D:9      | Reached XP level 11. HP: 46/58 MP: 12/12
  8778 | D:9      | Noticed a two-headed ogre
  8785 | D:9      | Killed a two-headed ogre
  8943 | D:10     | Entered Level 10 of the Dungeon
  8990 | D:10     | Noticed Maggie
  9008 | D:10     | Killed Maggie
  9669 | D:10     | Reached skill level 9 in Maces & Flails
  9932 | D:10     | Noticed Gastronok
  9944 | D:10     | Killed Gastronok
  9953 | D:10     | Found a staircase to the Lair.
 10002 | D:10     | Found a snail-covered altar of Cheibriados.
 10044 | D:10     | Reached XP level 12. HP: 63/64 MP: 13/13
 10046 | D:10     | Reached skill level 5 in Evocations
 10445 | D:11     | Noticed Fannar
 10463 | D:11     | Killed Fannar
 10510 | D:11     | Noticed Nergalle
 10540 | D:11     | Killed Nergalle
 10540 | D:11     | Identified the +5 morningstar of Circularity {flame, Str+7
                  | Dex+2} (Trog gifted it to you on level 11 of the Dungeon)
 10540 | D:11     | Received a gift from Trog
 10580 | D:11     | Reached skill level 10 in Maces & Flails
 10704 | D:11     | Reached skill level 5 in Throwing
 10928 | D:11     | Noticed a centaur warrior
 10928 | D:11     | Noticed Erica
 10940 | D:11     | Killed a centaur warrior
 10944 | D:11     | HP: 2/65 [acid dragon/splash of acid (9)]
 10944 | D:11     | Slain by Erica

Illustrated notes

Levels and vault maps discovered:
D:1:      noname_arrival_rooms_in_the_neighbourhood, layout_loops_cross
D:2:      layout_loops_cross, basic_ecumenical_altar, minmay_pentomino_o4,
          uniq_sigmund
D:3:      layout_loops_ring, uniq_crazy_yiuf_cottage, uniq_terence
D:4:      layout_basic
D:5:      layout_loops_cross, minmay_temple_entry_ruins, minmay_starry_boxes,
          uniq_blork_the_orc
D:6:      layout_basic, serial_bayou_lagoon_b
D:7:      layout_basic, chequers_serial_rivers_small_b
D:8:      layout_basic, hangedman_abyss_or_decor_lesser_grid
D:9:      layout_roguey, enter_bailey_8, uniq_maurice
D:10:     layout_layer_cave, mainiacjoe_overflow_catwalk, david_lair_generic,
          uniq_gastronok, uniq_maggie
D:11:     statuecave_lemuel, layout_long_grid, grunt_decor_resistance,
          corexii_checkpoint_b, st_stairs_5, uniq_nergalle, uniq_fannar,
          uniq_erica

Skill      XL: |  1  2  3  4  5  6  7  8  9 10 11 12 |
---------------+-------------------------------------+-----
Fighting       | 3 4 5 6 7 8 |  8.5
Maces & Flails | 3 4 5 7 8 9 10 | 10.1
Dodging        | 2 3 4 5 6 7 |  7.5
Armour         | 2 3 4 5 6 7 |  7.4
Evocations     | 2 3 4 5 |  5.5
Throwing       | 3 4 5 |  5.1
Stealth        | |  0.2

Action                   |  1- 3 |  4- 6 |  7- 9 | 10-12 || total
-------------------------+-------+-------+-------+-------++-------
Melee: Mace              |    69 |   144 |   112 |       ||   325
       Bite              |    12 |    35 |    79 |   165 ||   291
       Punch             |     1 |     2 |     2 |       ||     5
       Dagger            |       |     6 |       |       ||     6
       Great mace        |       |       |    68 |   438 ||   506
       Flail             |       |       |    59 |       ||    59
Throw: Dart              |       |       |     3 |       ||     3
Invok: Berserk           |     1 |     2 |     4 |     9 ||    16
       Trog's Hand       |       |       |     1 |     3 ||     4
  Use: Scroll            |       |     6 |     5 |     5 ||    16
Armor: Ring mail         |    31 |    31 |       |       ||    62
       Leather armour    |     1 |       |       |       ||     1
       Animal skin       |     1 |       |       |       ||     1
       Chain mail        |       |    13 |   128 |   123 ||   264
       Scale mail        |       |     2 |       |       ||     2
       Plate armour      |       |       |       |   233 ||   233
Dodge: Dodged            |    33 |    94 |   125 |   330 ||   582

Table legend: (Time is in decaauts)
 A = Elapsed time spent in this place.
 B = Non-inter-level travel time spent in this place.
 C = Inter-level travel time spent in this place.
 D = Time resting spent in this place.
 E = Time spent auto-exploring this place.
 F = Levels seen in this place.
 G = Mean time per level.
                   A        B        C        D        E       F      G
               +--------+--------+--------+--------+--------+-----+--------+
         Total |  11302 |  10693 |    609 |    422 |   7008 |  12 |  941.8 |
       Dungeon |  10863 |  10254 |    609 |    421 |   6846 |  11 |  987.5 |
        Bailey |    439 |    439 |      0 |      1 |    162 |   1 |  439.0 |
               +--------+--------+--------+--------+--------+-----+--------+

Top non-repeatable levels by time:
     D:1: 1355 daAuts
    D:10: 1324 daAuts
     D:3: 1169 daAuts
     D:6: 1128 daAuts
     D:5: 1085 daAuts
     D:7: 916 daAuts
     D:9: 889 daAuts
     D:2: 790 daAuts
    D:11: 740 daAuts
     D:4: 737 daAuts
     D:8: 725 daAuts
  Bailey: 439 daAuts
